 Dungeon Crawl Stone Soup version 0.23.0-2-g0fe3ce5 (webtiles) character file.

Game seed: 925156358906381818

1102 Fang the Skirmisher (level 8, -11/51 HPs)
             Began as a Gargoyle Berserker on Feb 11, 2019.
             Was an Elder of Trog.
             Killed by divine providence
             ... invoked by an orc priest
              (13 damage)
             ... on level 4 of the Dungeon on Feb 19, 2019.
             The game lasted 00:05:36 (4163 turns).

Fang the Skirmisher (Gargoyle Berserker)            Turns: 4163, Time: 00:05:37

Health: -11/51     AC: 11    Str: 24    XL:     8   Next: 32%
Magic:  17/17      EV: 12    Int:  7    God:    Trog [****..]
Gold:   194        SH:  0    Dex:  9    Spells: 7/7 levels left

rFire    . . .     SeeInvis .   v - +2 hand axe (freeze)
rCold    . . .     Gourm    .   (no shield)
rNeg     + . .     Faith    .   n - +0 ring mail
rPois    ∞         Spirit   .   (no helmet)
rElec    +         Reflect  .   (no cloak)
rCorr    .         Harm     .   (no gloves)
MR       .....                  (no boots)
Stlth    ..........             j - amulet of magic regeneration
HPRegen  0.17/turn              r - ring of magical power
MPRegen  0.40/turn              (no ring)

@: berserk cooldown, slowed, very slow
A: negative energy resistance 1, electricity resistance, unbreathing,
petrification resistance, rot immunity, AC +5
a: Berserk, Trog's Hand, Brothers in Arms, Renounce Religion


You were on level 4 of the Dungeon.
You worshipped Trog.
Trog was greatly pleased with you.
You were very hungry.

You visited 1 branch of the dungeon, and saw 4 of its levels.

You collected 194 gold pieces.

Inventory:

Hand Weapons
 a - a +0 hand axe
 v - a +2 hand axe of freezing (weapon)
Armour
 n - a +0 ring mail (worn)
Jewellery
 j - an amulet of magic regeneration (around neck)
 r - a ring of magical power (left hand)
Wands
 p - a wand of enslavement (10)
Scrolls
 b - 2 scrolls of identify {unknown}
 d - a scroll of magic mapping {unknown}
 h - 2 scrolls of remove curse {unknown}
 k - 2 scrolls of random uselessness {unknown}
 l - 2 scrolls of teleportation {unknown}
 o - a scroll of fog {unknown}
 t - a scroll of blinking {unknown}
 x - a scroll of immolation {unknown}
Potions
 e - a potion of curing {unknown}
 f - a potion of resistance {unknown}
 g - a potion of might {unknown}
 i - 2 potions of cancellation {unknown}
 m - a potion of haste
 q - a potion of brilliance {unknown}
 s - 2 potions of heal wounds {unknown}
 w - a potion of ambrosia {unknown}
Comestibles
 c - 7 rations
 u - a chunk of flesh


   Skills:
 + Level 6.2 Fighting
 + Level 5.1 Axes
 + Level 5.6 Armour
 + Level 4.2 Dodging


You had 7 spell levels left.
You didn't know any spells.
Your spell library was empty.

Dungeon Overview and Level Annotations

Branches:
Dungeon (4/15)
 Temple: D:4-7

Altars:
Gozag
Yredelemnul
Zin


Innate Abilities, Weirdness & Mutations

You are resistant to torment.
Your stone body is resilient. (AC +5)
You are immune to poison.
You resist negative energy. (rN+)
You are resistant to electric shocks. (rElec)
You can survive without breathing.
You are immune to petrification.
You are immune to rotting.


Message History

Trog accepts your kill.
You closely miss the orc. The orc hits you but does no damage.
You hit the orc. You freeze the orc.
You kill the orc!
Trog accepts your kill.
The orc priest casts a cantrip, but nothing happens.
You are no longer berserk.
Trog's vigour flows through your veins.
You are exhausted.
You feel yourself slow down.
The orc priest calls down the wrath of Beogh upon you.
Beogh smites you!
* * * LOW HITPOINT WARNING * * *
Items here: ( )) [ †† You barely miss the orc priest.
The orc priest barely misses you.
You slash the orc priest! You freeze the orc priest.
The orc priest is severely wounded.
The orc priest invokes the aid of Beogh against you.
Beogh smites you!
You die...

###############...
#......>.)@owoo...
#.###########o....
#.#.....# ...
#....##+## .
#####....#
#.......#
#...[...#
##.......#
#........#


You could see an orc priest, an orc wizard, a dart slug and 2 orcs.

Vanquished Creatures
  Sigmund (D:3)
  Duvessa (D:4)
  An ogre (D:4)
  A phantom (D:4)
  Dowan (D:4)
  2 howler monkeys (D:4)
  3 orc wizards
  3 orc priests (D:3)
  2 iguanas (D:4)
  2 worker ants (D:4)
  A hound skeleton (D:4)
  Robin (D:4)
  A howler monkey skeleton (D:4)
  6 adders
  2 oozes
  6 worms
  2 leopard geckos
  26 orcs
  5 giant cockroaches
  16 goblins
  11 hobgoblins
  2 quokkas (D:4)
  2 ball pythons
  16 bats
  7 frilled lizards
  2 gnoll zombies (D:4)
  4 kobolds
  6 rats
133 creatures vanquished.

Notes
Turn   | Place    | Note
-------+----------+-------------------------------------------
     0 | D:1      | Fang the Gargoyle Berserker began the quest for the Orb.
     0 | D:1      | Reached XP level 1. HP: 14/14 MP: 1/1
   152 | D:1      | Upgraded the game from 0.23.0 to 0.23.0-2-g0fe3ce5
   183 | D:1      | Reached XP level 2. HP: 16/19 MP: 2/2
   513 | D:1      | Reached XP level 3. HP: 20/23 MP: 3/3
   557 | D:1      | Reached ** piety under Trog
  1231 | D:2      | Found an opulent altar of Gozag.
  1244 | D:2      | Reached XP level 4. HP: 26/29 MP: 4/4
  1724 | D:2      | Reached skill level 4 in Fighting
  1769 | D:3      | Reached XP level 5. HP: 15/33 MP: 5/5
  2020 | D:3      | Reached *** piety under Trog
  2120 | D:3      | HP: 2/49 [orc priest/+0 morningstar (8)]
  2543 | D:3      | Noticed Sigmund
  2553 | D:3      | Killed Sigmund
  2553 | D:3      | Reached XP level 6. HP: 40/40 MP: 6/6
  2653 | D:3      | Reached skill level 5 in Fighting
  2658 | D:3      | Found a glowing silver altar of Zin.
  2687 | D:3      | Reached XP level 7. HP: 38/44 MP: 7/7
  3131 | D:4      | Noticed Dowan
  3132 | D:4      | Noticed Duvessa
  3160 | D:4      | Killed Duvessa
  3204 | D:4      | Killed Dowan
  3650 | D:4      | Reached skill level 5 in Armour
  3657 | D:4      | Reached **** piety under Trog
  3663 | D:4      | Noticed Robin
  3672 | D:4      | Killed Robin
  3709 | D:4      | Reached XP level 8. HP: 33/51 MP: 8/8
  3819 | D:4      | Found a basalt altar of Yredelemnul.
  3907 | D:4      | Reached skill level 6 in Fighting
  3907 | D:4      | Reached skill level 5 in Axes
  4161 | D:4      | HP: 2/51 [orc priest/divine providence (16)]
  4163 | D:4      | Killed from afar by an orc priest

Skill      XL: |  1  2  3  4  5  6  7  8 |
---------------+-------------------------+-----
Axes           | 3 4 5 |  5.1
Dodging        | 2 3 4 |  4.2
Armour         | 3 4 5 |  5.6
Fighting       | 4 5 6 |  6.2

Action                   |  1- 3 |  4- 6 |  7- 9 || total
-------------------------+-------+-------+-------++-------
Melee: Hand axe          |   137 |   161 |   233 ||   531
Invok: Berserk           |       |     2 |     4 ||     6
       Trog's Hand       |       |       |     1 ||     1
 Stab: Sleeping          |     1 |       |       ||     1
  Eat: Chunk             |     1 |     7 |     8 ||    16
Armor: Animal skin       |    46 |       |       ||    46
       Ring mail         |    26 |    96 |    95 ||   217
Dodge: Dodged            |   102 |   118 |   122 ||   342
